[Event "Turniej 30-lecia Liceum im. Józefa Bema"]
[Site "Warsaw, Poland"]
[Date "2020.03.07"]
[Round "1.1"]
[White "Nurkiewicz, Maciej"]
[Black "Klim, Filip"]
[Result "1-0"]
[TimeControl "0:10:02"]
[WhiteElo "2301"]
[BlackElo "1577"]

1. e4 e5 2. Nf3 Nc6 3. Bc4 Bc5 4. d3 Nf6 5. O-O d6 6. Bg5 h6 7. Bh4 g5 8. Bg3 Bg4 9. c3 Bb6 10.
Nbd2 Ne7 11. Qb3 O-O 12. d4 Bxf3 13. Nxf3 Nxe4 14. dxe5 g4 15. Nh4 Nd2 16. Qd1 Nxf1 17. Qxg4+ Kh8 18.
Rxf1 d5 19. Bd3 Rg8 20. Qh5 Kg7 21. Bf4 Rh8 22. e6 Qg8 23. Bxh6+ Rxh6 24. Qg5+ Rg6 25. Qxe7 Rxe6 26. Nf5+ Kh8 27.
Qh4+ Qh7 28. Qxh7+ Kxh7 29. Nd4+ Kg7 30. Nxe6+ fxe6 31. Re1 Kf6 32. Kf1 Rh8 33.
h3 c6 34. Ke2 Bc7 35. Rh1 e5 36. f3 Kg5 37. Kf2 Rf8 38. h4+ Kh6 39. Ke2 a6 40. g4 Bd8 41. Bf5 Be7 42. Kf2 Bd6 43. Kg2 Rg8 44. Kh3 Rf8 45. Re1 Rf7 46. Rf1 Rf8 47. g5+ Kh5 48.
Bg4+ Kg6 49. Rg1 Rf4 50. Rf1 Rf8 51. Kg2 Kg7 52. Kh3 Kg6 53. Bd7 Rf7 54. Be8 Kg7 55. Bxf7 Kxf7 56. Kg4 Be7 57. Kf5 Bd6 58. h5 1-0

[Event "Turniej 30-lecia Liceum im. Józefa Bema"]
[Site "Warsaw, Poland"]
[Date "2020.03.07"]
[Round "1.2"]
[White "Kazmierowski, Tymon"]
[Black "Owczarzak, Jerzy"]
[Result "0-1"]
[TimeControl "0:10:02"]
[WhiteElo "1575"]
[BlackElo "2264"]

1. d4 b5 2. e4 Bb7 3. Bd3 Nf6 4. f3 a6 5. Ne2 e6 6. O-O c5 7. c3 d5 8. e5 Nfd7 9. f4 g6 10.
Be3 Nc6 11. Nd2 b4 12. Rc1 a5 13. Bb1 a4 14. cxb4 cxd4 15. Nxd4 Nxd4 16. Bxd4 Bxb4 17. a3 Be7 18. Nf3 Qa5 19.
Bc3 Qb6+ 20. Kh1 Nc5 21. Bd4 Qb5 22. Bc2 O-O 23. Bxc5 Bxc5 24. Bxa4 Qb6 25. b4 Be3 26. Rc3 Bxf4 27.
Bc2 d4 28. Rc4 Ba6 29. Rxd4 Bxf1 30. Rxf4 Qf2 31. Rg4 Rfd8 32. Nd4 Rxa3 33. Rg5 Rxd4 34. Qc1 Rc3 35. Qa1 Rxc2 36. Qa8+ Kg7 37. Qb7 Rd1 0-1

[Event "Turniej 30-lecia Liceum im. Józefa Bema"]
[Site "Warsaw, Poland"]
[Date "2020.03.07"]
[Round "1.3"]
[White "Babik, Tomasz"]
[Black "Grzenkowicz, Lukasz"]
[Result "1-0"]
[TimeControl "0:10:02"]
[WhiteElo "2187"]
[BlackElo "1546"]

1. d4 d5 2. Nf3 c6 3.
e3 Nf6 4. c4 e6 5. b3 Be7 6. Bb2 O-O 7. Bd3 Nbd7 8. O-O Re8 9. Nc3 a6 10. Rc1 Nf8 11. Ne5 Ng6 12. f4 Nd7 13. e4 Ndf8 14. Bb1 f6 15.
Nxg6 hxg6 16. Bd3 dxe4 17. Bxe4 f5 18. Bf3 Bf6 19. d5 cxd5 20. cxd5 e5 21. fxe5 Bxe5 22. Na4 Bxb2 23. Nxb2 Rb8 24. Qd4 Bd7 25. Rfd1 Qe7 26.
Nc4 Bb5 27. d6 Qf6 28. Qxf6 gxf6 29. Na5 b6 30. Nc6 Bxc6 31. Rxc6 Red8 32. Kf2 Nd7 33. Rc7 Ne5 34. Ra7 Nxf3 35. Kxf3 a5 36. Rc7 Kf8 37. Rd4 g5 38.
Rd5 f4 39. Kg4 Re8 40. Kf5 b5 41. Kxf6 g4 42. Rh5 1-0

[Event "Turniej 30-lecia Liceum im. Józefa Bema"]
[Site "Warsaw, Poland"]
[Date "2020.03.07"]
[Round "1.4"]
[White "Sen, Mariusz"]
[Black "Dworakowski, Lukasz"]
[Result "0-1"]
[TimeControl "0:10:02"]
[WhiteElo "1501"]
[BlackElo "2185"]

1. e4 e5 2. Nf3 Nc6 3.
Bc4 Nf6 4. d3 Be7 5. O-O O-O 6. Nc3 d6 7. h3 Na5 8. Bb3 c6 9. Be3 b5 10. Ne2 Nh5 11. c3 Nxb3 12. axb3 a6 13.
Qd2 c5 14. d4 exd4 15. cxd4 Bb7 16. d5 f5 17. exf5 Rxf5 18. Nf4 Nxf4 19. Bxf4 Bxd5 20. g4 Bxf3 21. gxf5 d5 22. Kh2 Bf6 23.
Rg1 Qd7 24. Rg3 Be4 25. Rag1 Qxf5 26. Bh6 g6 27. Qa5 Qxf2+ 28. R3g2 Be5+ 29. Kh1 Qg3 0-1

[Event "Turniej 30-lecia Liceum im. Józefa Bema"]
[Site "Warsaw, Poland"]
[Date "2020.03.07"]
[Round "1.5"]
[White "Maciaga, Marcin"]
[Black "Pancewicz, Szymon"]
[Result "1-0"]
[TimeControl "0:10:02"]
[WhiteElo "2159"]
[BlackElo "1477"]

1. g3 Nf6 2. c4 g6 3. Bg2 Bg7 4. Nc3 d6 5. Nf3 O-O 6. O-O e5 7. d3 Nc6 8. Rb1 a5 9. a3 Nd7 10.
b4 axb4 11. axb4 f5 12. Bg5 Nf6 13. b5 Ne7 14. Qb3 Be6 15. Nd2 Rb8 16. Nd5 Nfxd5 17. cxd5 Bf7 18. Rfc1 h6 19. Bxe7 Qxe7 20.
Qc2 Rfc8 21. e4 b6 22. Ra1 Be8 23. Qb3 Ra8 24. Bh3 Qf7 25. Nc4 Kh7 26. Ne3 Rxa1 27. Rxa1 Bd7 28. Ra7 f4 29.
Ng4 h5 30. Qc4 hxg4 31. Bf1 fxg3 32. hxg3 Rf8 33. Ra2 Bc8 34. Rc2 Qf3 35. Qxc7 Rh8 36. Qxd6 Qd1 37. Rc7 Rf8 38. Qxf8 1-0

[Event "Turniej 30-lecia Liceum im. Józefa Bema"]
[Site "Warsaw, Poland"]
[Date "2020.03.07"]
[Round "1.6"]
[White "Wiktorowski, Janusz"]
[Black "Adamski, Jan"]
[Result "0-1"]
[TimeControl "0:10:02"]
[WhiteElo "1440"]
[BlackElo "2127"]

1. e4 c5 2. Nf3 e6 3. d4 cxd4 4. Nxd4 a6 5. a4 b6 6.
Be2 Bb7 7. Nc3 Qc7 8. O-O Nf6 9. Bf3 d6 10. Be3 Nbd7 11. Nb3 Be7 12. h3 O-O 13. Qd2 Rfe8 14. Rfd1 Ne5 15. a5 Nc4 16. Qc1 bxa5 17. Nd4 Rec8 18. Bd2 Rab8 19. b3 Nxd2 20. Qxd2 Qxc3 21. Qg5 Rc5 22. Qg3 Nxe4 23. Bxe4 Qxg3 24. fxg3 Bxe4 25. Nf3 Bf6 26. Rac1 d5 27. c4 h6 28. Nd2 Bd3 29. b4 Rxb4 0-1

[Event "Turniej 30-lecia Liceum im. Józefa Bema"]
[Site "Warsaw, Poland"]
[Date "2020.03.07"]
[Round "1.7"]
[White "Praczukowski, Stanislaw"]
[Black "Jankiewicz, Maciej"]
[Result "1-0"]
[TimeControl "0:10:02"]
[WhiteElo "2113"]
[BlackElo "1369"]

1. d4 d5 2. c4 e5 3.
dxe5 d4 4. Nf3 Nc6 5. a3 Bg4 6. Nbd2 Nge7 7. Nb3 Bxf3 8. exf3 Nxe5 9. Qxd4 Qxd4 10. Nxd4 O-O-O 11. Be3 N7c6 12. Nxc6 Nxc6 13.
Be2 Nd4 14. Bxd4 Rxd4 15. Rd1 Rxd1+ 16. Bxd1 Bd6 17. O-O Re8 18. g3 a5 19. Kg2 g5 20. Bc2 h5 21. Be4 c6 22. Rd1 Kc7 23. Rd2 Re5 24. Kf1 f5 25. Bd3 f4 26.
Be4 Re7 27. Kg2 g4 28. Bg6 fxg3 29. hxg3 Re5 30. f4 Rc5 31. Rd4 b5 32. cxb5 cxb5 33. b4 axb4 34. axb4 Rc4 35. Rd5 Rxb4 36. Bxh5 Kc6 37. Rd2 Rc4 38. Bxg4 b4 39. Bf3+ Kc5 40. Rd5+ Kb6 41. Rxd6+ Ka5 42. Rd8 b3 43. Ra8+ Kb4 44. Bd5 Rc3 45. Rb8+ Ka3 46. Rxb3+ 1-0

[Event "Turniej 30-lecia Liceum im. Józefa Bema"]
[Site "Warsaw, Poland"]
[Date "2020.03.07"]
[Round "1.8"]
[White "Rylski, Tadeusz"]
[Black "Kedzierski, Slawomir"]
[Result "1-0"]
[TimeControl "0:10:02"]
[WhiteElo "1358"]
[BlackElo "2061"]

1. d4 Nf6 2. c4 e6 3. g3 Bb4+ 4.
Nd2 O-O 5. Bg2 d6 6. Ngf3 c5 7. O-O Nc6 8. Nb3 cxd4 9. Nfxd4 Nxd4 10. Nxd4 Bc5 11. Bg5 h6 12. Be3 Bd7 13.
a3 Qc7 14. b4 Bxd4 15. Bxd4 e5 16. Bb2 Be6 17. Rc1 Rac8 18. c5 d5 19. f4 d4 20. fxe5 Nd5 21. Bxd4 Rfd8 22. Qd2 Ne7 23.
Qb2 Nc6 24. Bc3 Ne7 25. Kh1 Nd5 26. Bd4 Qd7 27. Rfd1 Qc7 28. e4 Ne7 29. Bc3 Rxd1+ 30. Rxd1 Qc6 31. Rd6 Qa4 32. Qc1 Nc6 33. Bb2 Qb3 34. Qd2 Kh7 35.
Rd3 Qa2 36. Rd6 Ne7 37. Qc3 Ng6 38. Qc1 Re8 39. Qc3 Ne7 40. Qc1 Nc6 41. Qc3 a6 42. Qc1 Na7 43. Qc2 Nb5 44. Rd3 Bc4 45. Rd1 Bb3 46. Qb1 Qxb1 47. Rxb1 Be6 48. Rd1 Rc8 49. Bf1 Rc7 50. Bxb5 axb5 51. Rd6 Kg6 52. Kg2 Kg5 53.
Kf3 h5 54. h4+ Kg6 55.
Kf4 Rc8 56. Bc3 Rc7 57. Ke3 Kh7 58. Rb6 Bc4 59. Rd6 Kg8 60. Kf4 Kh7 61. Ke3 Re7 62. Rb6 Rc7 63. Rd6 Re7 64. c6 bxc6 65. Rxc6 Bf1 66. Bd4 Re6 67. Rc7 Kg6 68. Rb7 Ra6 69. Bb2 Rc6 70.
Bd4 Rc2 71. Rb6+ 1-0

[Event "Turniej 30-lecia Liceum im. Józefa Bema"]
[Site "Warsaw, Poland"]
[Date "2020.03.07"]
[Round "1.9"]
[White "Szymczak, Rafal"]
[Black "Jankiewicz, Aleksander"]
[Result "1-0"]
[TimeControl "0:10:02"]
[WhiteElo "2021"]
[BlackElo "1322"]

1. f4 d5 2. Nf3 Nf6 3.
g3 g6 4.
Bg2 Bg7 5. O-O O-O 6. d3 c5 7.
Nc3 e6 8. e4 b6 9. Ne5 Bb7 10. Qe2 dxe4 11. dxe4 Ba6 12. Nd3 Nc6 13. Be3 Nd4 14. Qd1 Rc8 15. Re1 Bb7 16. Bf2 h5 17.
h3 Qe8 18. e5 Bxg2 19. Bxd4 cxd4 20. exf6 Qc6 21. fxg7 Bxh3 22. gxf8=Q+ Kxf8 23. Ne4 Bg4 24. Qd2 Qxc2 25. Rac1 Qxd2 26.
Rxc8+ Kg7 27. Nxd2 1-0

[Event "Turniej 30-lecia Liceum im. Józefa Bema"]
[Site "Warsaw, Poland"]
[Date "2020.03.07"]
[Round "1.10"]
[White "Grzadka, Artur"]
[Black "Szewczak, Anna"]
[Result "0-1"]
[TimeControl "0:10:02"]
[WhiteElo "1308"]
[BlackElo "2005"]

1. d4 Nf6 2. c4 c5 3. d5 b5 4. cxb5 a6 5. e3 d6 6. Nc3 g6 7. Nf3 Bg7 8. Bc4 O-O 9. O-O axb5 10. Nxb5 Ba6 11. a4 Nbd7 12. Bd2 Ne4 13. Qc2 Nxd2 14.
Qxd2 Nb6 15. Be2 Qd7 16. Ra3 Rfb8 17. b3 Qb7 18. Rd1 Nxd5 19. Nxd6 exd6 20. Bxa6 Rxa6 21. Qxd5 Qb4 22. Qd3 Rab6 23.
a5 Qxa3 24. axb6 Rxb6 25. Nd2 Qb4 26. Nc4 Rb8 27. Nxd6 Qxb3 28. Qe2 Rd8 29. Kf1 Be5 0-1

[Event "Turniej 30-lecia Liceum im. Józefa Bema"]
[Site "Warsaw, Poland"]
[Date "????.??.??"]
[Round "2.1"]
[White "Siekierski, Pawel"]
[Black "Nurkiewicz, Maciej"]
[Result "0-1"]
[TimeControl "0:10:02"]
[WhiteElo "1889"]
[BlackElo "2301"]

1. d4 d5 2. c4 e5 3. dxe5 d4 4. g3 Nc6 5. f4 Bf5 6.
Bg2 Qd7 7. Nf3 O-O-O 8. Nbd2 f6 9. exf6 Nxf6 10. O-O Ng4 11. Nb3 d3 12. h3 dxe2 13. Qxe2 Bd3 14. Qd2 Bxf1 15. Qxd7+ Rxd7 16.
Bxf1 Nf6 17. Be3 Bd6 18. c5 Be7 19. Bb5 Rhd8 20. Bxc6 Rd1+ 21. Rxd1 Rxd1+ 22. Kg2 bxc6 23. Ne5 Nd5 24.
Bf2 Rb1 25. Bd4 Bf6 26. Kf3 Bxe5 27. Bxe5 g6 28. Bd4 Kd7 29. Kg4 Ke6 30. Be5 Kd7 31. Bd4 Nb4 32. a3 Nd3 33. Nd2 Re1 34.
Nc4 Re4 35. Ne5+ Nxe5+ 36. Bxe5 Rc4 37. h4 Rxc5 38. h5 gxh5+ 39. Kxh5 Rc2 40. g4 Ke6 41. Kg5 c5 42. Bxc7 Rxb2 43.
f5+ Kf7 44. Kh6 Rb3 45. Bd6 Rb6 46. Kxh7 Rxd6 47. g5 Rd1 48. g6+ Kf6 49. g7 Rh1+ 50. Kg8 Rg1 0-1

[Event "Turniej 30-lecia Liceum im. Józefa Bema"]
[Site "Warsaw, Poland"]
[Date "????.??.??"]
[Round "2.2"]
[White "Owczarzak, Jerzy"]
[Black "Krasiewicz, Robert"]
[Result "1-0"]
[TimeControl "0:10:02"]
[WhiteElo "2264"]
[BlackElo "1948"]

1. b4 e5 2. Bb2 Bxb4 3.
Bxe5 Nf6 4. Nf3 Nc6 5. Bb2 d5 6. e3 O-O 7. Be2 Re8 8. O-O Bg4 9. h3 Bxf3 10. Bxf3 Ne5 11. Be2 c5 12. d3 Rc8 13. Nd2 b5 14.
a4 Bxd2 15. Qxd2 b4 16. a5 Qe7 17. Rfd1 h6 18. Bf1 Qb7 19. Qc1 c4 20. dxc4 dxc4 21. Bd4 Re6 22. Qb2 c3 23. Qb3 Ne4 24. a6 Qe7 25. Qd5 Nd2 26. Qb7 Rc7 27. Qb8+ Kh7 28. Be2 f5 29. Qb5 g6 30. Ra4 Nc6 31. Bc5 Qg5 32. Bxb4 Ne4 33. Bc5 f4 34. Rxe4 Rxe4 35. Bf3 Re5 36. exf4 Qxf4 37. Bxc6 Qg5 1-0

[Event "Turniej 30-lecia Liceum im. Józefa Bema"]
[Site "Warsaw, Poland"]
[Date "????.??.??"]
[Round "2.3"]
[White "Bielinski, Leszek"]
[Black "Babik, Tomasz"]
[Result "0-1"]
[TimeControl "0:10:02"]
[WhiteElo "1854"]
[BlackElo "2187"]

1. e4 c5 2. g3 Nc6 3. Bg2 g6 4. Ne2 Bg7 5. O-O Nf6 6. c3 d5 7. exd5 Nxd5 8. d4 cxd4 9. cxd4 O-O 10. Nbc3 Be6 11. Nxd5 Bxd5 12. Be3 Rc8 13. Qd2 Bxg2 14. Kxg2 e6 15.
Rfd1 Ne7 16. Nc3 Nd5 17. Ne4 Nxe3+ 18. Qxe3 Qb6 19. d5 Qxe3 20. fxe3 Rc2+ 21. Rd2 Rxd2+ 22. Nxd2 exd5 23. Rc1 Bxb2 24.
Rc7 Rb8 25. Rd7 Bf6 26. Rxd5 Rd8 27. e4 Kf8 28. Kf3 Ke7 29. Rxd8 Kxd8 30. Nc4 Kc7 31. e5 Be7 32. Ke4 b5 33. Ne3 Kc6 34. h3 h5 35. Nd5 Bd8 36. g4 hxg4 37. hxg4 a5 38. e6 fxe6 39. Nf4 Bf6 40.
Nxe6 b4 41. g5 Kd6 42. Nf8 Bxg5 43. Nxg6 Kc5 44. Kd3 Kd5 45. Nf8 Be7 46. Nd7 Bd8 47. Nf8 Bf6 48. Nd7 Bg7 49. Nb6+ Kc5 50. Nc8 Bf8 51. Na7 Kb6 52.
Nc8+ Kb7 53. Kc4 Kxc8 54. Kb5 Kc7 55. Kxa5 Kc6 0-1

[Event "Turniej 30-lecia Liceum im. Józefa Bema"]
[Site "Warsaw, Poland"]
[Date "????.??.??"]
[Round "2.4"]
[White "Dworakowski, Lukasz"]
[Black "Niedbal, Piotr"]
[Result "1-0"]
[TimeControl "0:10:02"]
[WhiteElo "2185"]
[BlackElo "1856"]

1. e4 c5 2. Nc3 e6 3. g3 e5 4. Nd5 Ne7 5. Ne3 Nbc6 6. Bg2 d6 7. f4 g6 8. Ne2 f5 9. exf5 Nxf5 10. O-O Bg7 11. Nd5 O-O 12. d3 Be6 13. fxe5 dxe5 14. c4 Nce7 15. Bg5 Qd7 16. Nec3 Nxd5 17. Nxd5 h6 18. Bd2 Ne7 19. Nxe7+ Qxe7 20. Bc3 Rxf1+ 21. Qxf1 Rf8 22. Qe2 Bf5 23. Re1 Re8 24.
g4 Bc8 25. Qe4 Qg5 26. Rf1 Qxg4 27. Qd5+ Kh7 28. Rf7 Be6 29.
Rxg7+ Kxg7 30. Qxe5+ 1-0

[Event "Turniej 30-lecia Liceum im. Józefa Bema"]
[Site "Warsaw, Poland"]
[Date "????.??.??"]
[Round "2.5"]
[White "Pichurko, Jakub"]
[Black "Maciaga, Marcin"]
[Result "0-1"]
[TimeControl "0:10:02"]
[WhiteElo "1677"]
[BlackElo "2159"]

1. d4 Nf6 2. Nf3 g6 3. Bf4 Bg7 4. e3 c5 5. c3 O-O 6. h3 d6 7. Be2 Qb6 8. Qb3 Be6 9. c4 cxd4 10.
Nxd4 Nc6 11. Nxe6 fxe6 12. O-O Ne4 13. Qxb6 axb6 14. Nc3 Nxc3 15. bxc3 Bxc3 16. Rab1 Bb4 17. Bf3 Bc5 18. Rb2 Ra4 19.
Bg4 Kf7 20. Be2 Rfa8 21. Ra1 Ra3 22. g4 e5 23. Bh6 Kf6 24. h4 e4 25. Bg5+ Kg7 26. Kg2 h6 27. Bf4 e5 28. Bg3 g5 29. Bd1 Bb4 30. Bc2 Bc3 31. Rab1 Bxb2 32. Rxb2 Rxa2 33.
Rxa2 Rxa2 34. Bxe4 Kf6 35. Kf3 Na5 36. Bd5 Rc2 37. Kg2 Nxc4 38. Bxb7 Nxe3+ 39. Kf3 Nf1 40. Be4 Rc3+ 41. Kg2 Nxg3 42. fxg3 b5 0-1

[Event "Turniej 30-lecia Liceum im. Józefa Bema"]
[Site "Warsaw, Poland"]
[Date "????.??.??"]
[Round "2.6"]
[White "Adamski, Jan"]
[Black "Janeczko, Jakub"]
[Result "1-0"]
[TimeControl "0:10:02"]
[WhiteElo "2127"]
[BlackElo "1661"]

1. Nf3 c5 2. c4 Nc6 3. d4
cxd4 4. Nxd4 g6 5. e4 Bg7 6. Be3 d6 7. Nc3 Nf6 8. f3 Qb6 9. Nf5 Qxb2 10. Nxg7+ Kf8 11. Na4 Qa3 12. Bh6 Qb4+ 13. Kf2 Kg8 14. Be2 Ne5 15. Qb3 Qa5 16. Rhd1 Bd7 17. Nc3 Qc5+ 18. Kf1 Bc6 19. Nd5 Bxd5 20. cxd5 Nfd7 21. f4 1-0

[Event "Turniej 30-lecia Liceum im. Józefa Bema"]
[Site "Warsaw, Poland"]
[Date "????.??.??"]
[Round "2.7"]
[White "Gronkowski, Dariusz"]
[Black "Praczukowski, Stanislaw"]
[Result "0-1"]
[TimeControl "0:10:02"]
[WhiteElo "1645"]
[BlackElo "2113"]

1. Nf3 Nf6 2. c4 g6 3. d4 Bg7 4. Nc3 d5 5. e3 O-O 6. Bd3 c5 7. dxc5 Qa5 8. Bd2 dxc4 9. Bxc4 Qxc5 10.
Qb3 Nc6 11. Na4 Qh5 12. Be2 Ne4 13. Bc3 Nxc3 14. Nxc3 Be6 15. Qb5 Qxb5 16. Bxb5 a6 17. Bxc6 bxc6 18. Nd4 Bd5 19. Nxd5 cxd5 20. Nc6 e6 21. Rb1 Rfe8 22. Ke2 Rac8 23. Rhc1 Kf8 24.
b4 Rc7 25. Nd4 Rec8 26. Kd2 Bxd4 27. exd4 Rc4 28. Rxc4 Rxc4 29. Kd3 Ke7 30. a4 Kd6 31. f4 Kc6 32.
g4 Kb6 33. h4 Rc7 34. h5 a5 35. b5 Rc4 36. hxg6 hxg6 37. Ra1 Kb7 38. Ra3 Rc1 39. Rc3 Rd1+ 40. Ke3 Ra1 41. f5 gxf5 42.
gxf5 Rxa4 43. f6 e5 44. dxe5 d4+ 45. Kd3 dxc3 46. Kxc3 Re4 47. e6 Rxe6 48. Kc4 Rxf6 49. Kc5 Rf5+ 50. Kc4 Kb6 51. Kb3 Rf4 52. Ka3 Kxb5 53. Ka2 Rf3 54. Ka1 Rf2 55. Kb1 Kc4 56. Kc1 Kd3 0-1

[Event "Turniej 30-lecia Liceum im. Józefa Bema"]
[Site "Warsaw, Poland"]
[Date "????.??.??"]
[Round "2.10"]
[White "Klim, Filip"]
[Black "Rylski, Tadeusz"]
[Result "0-1"]
[TimeControl "0:10:02"]
[WhiteElo "1577"]
[BlackElo "1358"]

1. e4 c6 2. d4 d5 3. Nc3 dxe4 4. Nxe4 Nf6 5. Nxf6+ exf6 6. c3 Bd6 7. Nf3 O-O 8. Be2 Be6 9. O-O Nd7 10. Qd3 Nb6 11. Be3 Re8 12.
Nd2 Qc7 13. h3 Nd5 14. Nc4 Bf4 15. Bf3 b5 16. Bxd5 Bxd5 17. Bxf4 Qxf4 18. Ne3 Be4 19. Qd2 Rad8 20. Rad1 Qg5 21.
a3 Qg6 22. f3 Bd5 23. Nxd5 Rxd5 24. Rf2 Rg5 25. Qf4 h6 26. Qc7 Re3 27. Qxc6 Rg3 28. Qc8+ Kh7 29. Rdd2 f5 30. Kh2 f4 31. Qb7 Re1 32.
b3 Qb1 33. Rf1 Rxf1 34. Rd1 Rxd1 35. Qe4+ Qxe4 36. fxe4 Rxc3 0-1

[Event "Turniej 30-lecia Liceum im. Józefa Bema"]
[Site "Warsaw, Poland"]
[Date "????.??.??"]
[Round "3.1"]
[White "Nurkiewicz, Maciej"]
[Black "Adamski, Jan"]
[Result "0-1"]
[TimeControl "0:10:02"]
[WhiteElo "2301"]
[BlackElo "2127"]

1. d4 Nf6 2. c4 e6 3. Nf3 Bb4+ 4. Bd2 Qe7 5. e3 O-O 6. Bd3 Bxd2+ 7. Nbxd2 d6 8. O-O e5 9. Qc2 Re8 10.
Bf5 Bxf5 11. Qxf5 e4 12. Ne1 c5 13. Nc2 Nc6 14. Rae1 a5 15. a3 a4 16. f3 Na5 17. fxe4 Nb3 18.
Nxb3 axb3 19. Na1 Qxe4 20. Qxe4 Rxe4 21. Nxb3 b6 22. Rf4 Re7 23. Nd2 Rae8 24. Kf2 Nh5 25. Rh4 g6 26. Nf3 f5 27.
d5 Nf6 28. Ng5 b5 29. h3 bxc4 30. Rxc4 Nxd5 31. e4 Nb6 32. Rc2 h6 33. Nf3 fxe4 34. Ng1 Rf7+ 35. Kg3 Nd5 36. Rd2 Rf5 37. Red1 Ne3 0-1

[Event "Turniej 30-lecia Liceum im. Józefa Bema"]
[Site "Warsaw, Poland"]
[Date "????.??.??"]
[Round "3.2"]
[White "Praczukowski, Stanislaw"]
[Black "Owczarzak, Jerzy"]
[Result "0-1"]
[TimeControl "0:10:02"]
[WhiteElo "2113"]
[BlackElo "2264"]

1. d4 b5 2. e4 Bb7 3. Bd3 Nf6 4. Nd2 e6 5. Ne2 c5 6. c3 Qb6 7. O-O cxd4 8. cxd4 Nc6 9. e5 Nd5 10.
Nf3 Be7 11. a3 b4 12. Bg5 f6 13. exf6 gxf6 14. Bd2 a5 15. Re1 O-O-O 16. Qa4 Rdg8 17. Ng3 f5 18. Rec1 Kd8 19. axb4 axb4 20.
Ne5 Ke8 21. Nxc6 Bxc6 22. Qa7 Kf7 23. Qxb6 Nxb6 24. Ra7 h5 25. Bf1 h4 26. Ne2 Nd5 27. Nf4 Nxf4 28. Bxf4 Ra8 29. Rca1 Rxa7 30. Rxa7 Ra8 31. Rxa8 Bxa8 32. Bb5 Bc6 33. Bc4 Bf6 34. Be3 d6 35. b3 Ke7 36. Bd2 Bxd4 37. Bxb4 Bc5 38. Bd2 Kf6 39. b4 Bd4 40. b5 Bb7 41.
Kf1 e5 42. Ba5 Ke7 43. Bd2 f4 44. h3 d5 45. Be2 Kd6 46. Bb4+ Bc5 47. Ba5 d4 48.
Bd8 Be4 49. Bxh4 d3 50. Bd1 Bd4 51. Bf6 Kc5 52. g4 fxg3 53. fxg3 Bf5 54. g4 Bd7 55.
h4 Bxb5 56. h5 Be8 57. Kg2 e4 58. Be7+ Kd5 59. Bb3+ Ke5 60. Kg3 e3 61. Bb4 Kf6 62. Kf3 Bc6+ 63. Kg3 Be5+ 64. Kh4 Bf4 65. Bc3+ Ke7 66. g5 Bf3 67. Bb4+ Kd7 68. Ba4+ Kc7 69. h6 e2 70. h7 d2 71. h8=Q e1=Q+ 72. Kh3 Qh1# 0-1

[Event "Turniej 30-lecia Liceum im. Józefa Bema"]
[Site "Warsaw, Poland"]
[Date "????.??.??"]
[Round "3.3"]
[White "Babik, Tomasz"]
[Black "Szymczak, Rafal"]
[Result "1-0"]
[TimeControl "0:10:02"]
[WhiteElo "2187"]
[BlackElo "2021"]

1. c4 e6 2. g3 d5 3.
Bg2 c6 4. b3 f5 5. Bb2 Nf6 6. d3 Bb4+ 7. Nd2 a5 8. a3 Be7 9. Ngf3 O-O 10. O-O Bd7 11. Qc2 Na6 12. e4 fxe4 13.
dxe4 Nc7 14. Rad1 Be8 15. exd5 exd5 16.
Qc3 Bh5 17. h3 Qc8 18. g4 Bg6 19. Ne5 Bf7 20. Rfe1 Bc5 21. cxd5 Bxf2+ 22. Kxf2 Bxd5 23. Kg1 Bxg2 24. Kxg2 Ncd5 25. Qg3 h5 26. g5 h4 27. Qxh4 Nh5 28. Ng6 Qf5 29. Qxh5 Qxg6 30. Qxg6 Nf4+ 31. Kg3 Nxg6 32. Nc4 Nf4 33. Rf1 Nd5 34. Bd4 Rfe8 1-0

[Event "Turniej 30-lecia Liceum im. Józefa Bema"]
[Site "Warsaw, Poland"]
[Date "????.??.??"]
[Round "3.4"]
[White "Rylski, Tadeusz"]
[Black "Dworakowski, Lukasz"]
[Result "1-0"]
[TimeControl "0:10:02"]
[WhiteElo "1358"]
[BlackElo "2185"]

1. d4 Nf6 2. c4 g6 3. g3 Bg7 4. Bg2 O-O 5. Nf3 c6 6. O-O d6 7. Nc3 Bf5 8. b3 Qc8 9. Bb2 Bh3 10. Rc1 Bh6 11. e3 Na6 12. Qe2 Re8 13. Rfd1 Qg4 14. Nh4 Qxe2 15.
Nxe2 Nb4 16. Bxh3 Nxa2 1-0

[Event "Turniej 30-lecia Liceum im. Józefa Bema"]
[Site "Warsaw, Poland"]
[Date "????.??.??"]
[Round "3.5"]
[White "Maciaga, Marcin"]
[Black "Szewczak, Anna"]
[Result "1-0"]
[TimeControl "0:10:02"]
[WhiteElo "2159"]
[BlackElo "2005"]

1. g3 d5 2. c4 c6 3. Nf3 Nf6 4. d4 g6 5. Bg2 Bg7 6. O-O O-O 7. Qb3 dxc4 8. Qxc4 Nbd7 9. Nc3 Nb6 10.
Qb3 Be6 11. Qc2 Nbd5 12. e4 Nxc3 13. bxc3 Rc8 14. Re1 Bc4 15. a4 b6 16. Ba3 Re8 17. Ne5 Ba6 18. a5 b5 19. Nd3 Nd7 20.
e5 e6 21. Bd6 Bf8 22. Nc5 Nxc5 23. dxc5 Bg7 24. f4 f6 25. Be4 fxe5 26. fxe5 Qg5 27. Kg2 Bxe5 1-0

[Event "Turniej 30-lecia Liceum im. Józefa Bema"]
[Site "Warsaw, Poland"]
[Date "????.??.??"]
[Round "3.6"]
[White "Kazmierowski, Tymon"]
[Black "Kedzierski, Slawomir"]
[Result "1-0"]
[TimeControl "0:10:02"]
[WhiteElo "1575"]
[BlackElo "2061"]

1. d4 Nf6 2. c4 e6 3. Nf3 d5 4. g3 Bb4+ 5. Nbd2 O-O 6. Bg2 c5 7. cxd5 Nxd5 8. O-O Nc6 9. dxc5 Bxc5 10. b3 Nc3 11. Qe1 Nb4 12. Nc4 Ncxa2 13. Bb2 Nc2 14. Qc1 Nxc1 15. Raxc1 Nb4 16. Rfd1 Qe7 17. Nce5 f6 18. Nd3 Nxd3 19. Rxd3 e5 20. Rdc3 Bd6 21. Nd2 Be6 22. Bxb7 1-0

[Event "Turniej 30-lecia Liceum im. Józefa Bema"]
[Site "Warsaw, Poland"]
[Date "????.??.??"]
[Round "3.7"]
[White "Krasiewicz, Robert"]
[Black "Grzenkowicz, Lukasz"]
[Result "1-0"]
[TimeControl "0:10:02"]
[WhiteElo "1948"]
[BlackElo "1546"]

1. c4 e5 2. g3 Nf6 3. Bg2 Nc6 4. Nc3 d6 5.
d3 Be7 6. e4 O-O 7. Nge2 h6 8.
O-O Be6 9. h3 Qc8 10. Kh2 Nd4 11. Nxd4 exd4 12. Ne2 c5 13. f4 Bd7 14.
g4 Bc6 15. Ng3 Rb8 16. Nf5 Qd7 17. g5 hxg5 18. fxg5 Nh7 19. h4 g6 20. Bh3 Qc7 21. Bf4 f6 22. Qg4 gxf5 23. exf5 fxg5 24.
hxg5 Bd7 25. g6 Nf6 26. Qh4 Be8 27. Bg5 Ng4+ 28. Bxg4 Bxg5 29. Qxg5 d5+ 30. Kh3 Qd6 31. f6 Bd7 32. Qxd5+ Qxd5 33. cxd5 Bxg4+ 34. Kxg4 Rfe8 35. f7+ 1-0

[Event "Turniej 30-lecia Liceum im. Józefa Bema"]
[Site "Warsaw, Poland"]
[Date "????.??.??"]
[Round "3.8"]
[White "Sen, Mariusz"]
[Black "Siekierski, Pawel"]
[Result "0-1"]
[TimeControl "0:10:02"]
[WhiteElo "1501"]
[BlackElo "1889"]

1. e4 c5 2. c4 d6 3. Nc3 Nc6 4. Nf3 g6 5. b3 Bg7 6. Bb2 Bg4 7. Be2 e6 8. h3 Bxf3 9. Bxf3 Nge7 10.
Rb1 O-O 11. O-O Nd4 12. Nb5 Nec6 13. Re1 a6 14. Na3 Nb4 15. d3 Nxa2 16. Be2 Nb4 17. f4 Nbc6 18. Bf3 Nxf3+ 19. Qxf3 Nd4 20.
Qd1 b5 21. cxb5 axb5 22. Bxd4 Bxd4+ 23. Kh1 Rxa3 24. e5 dxe5 25. fxe5 Qd5 26. b4 Ra2 27. Re2 Rxe2 28. Qxe2 cxb4 29.
Rxb4 Bxe5 0-1

[Event "Turniej 30-lecia Liceum im. Józefa Bema"]
[Site "Warsaw, Poland"]
[Date "????.??.??"]
[Round "3.9"]
[White "Niedbal, Piotr"]
[Black "Pancewicz, Szymon"]
[Result "1/2-1/2"]
[TimeControl "0:10:02"]
[WhiteElo "1856"]
[BlackElo "1477"]

1. e4 c5 2. Nf3 e6 3. d4 cxd4 4.
Nxd4 Nc6 5. Nc3 a6 6. Be2 d6 7. O-O Bd7 8. Be3 Nf6 9. f4 Be7 10. Qe1 b5 11. a3 O-O 12. Qg3 Qb8 13.
f5 Nxd4 14. Bxd4 e5 15. Be3 Rc8 16. Bg5 b4 17. axb4 Qxb4 18. Bxf6 Bxf6 19. Nd5 Qd4+ 20. Kh1 Kh8 21. Nxf6 gxf6 22.
Qh4 Rg8 23. Qxf6+ Rg7 24. Rxa6 Rxa6 25. Bxa6 Qxe4 26. Rg1 Bc6 27. Bd3 Qd5 28. h3 e4 29. Be2 e3 30. Bf3 Qc5 31. Bxc6 Qxc6 32.
Qc3 Qe4 33. Qd3 Qe5 34. Re1 Rg3 35. Qc3 Qxc3 36. bxc3 e2 37. Rxe2 Rxc3 38. Rd2 Kg7 39. Rxd6 Rxc2 40. Kh2 Rc3 41. Kg1 Rc2 42. Kh2 Rc3 43. Rd4 Kf6 44. Rh4 Kg7 45. Rg4+ Kf6 46. Rh4 Kg7 47. Rf4 Kf6 48. g4 Kg5 49. Ra4 Rc2+ 50. Kg1 Rc1+ 51. Kg2 Rc2+ 52. Kg3 Rc3+ 53. Kg2 1/2-1/2

[Event "Turniej 30-lecia Liceum im. Józefa Bema"]
[Site "Warsaw, Poland"]
[Date "????.??.??"]
[Round "3.10"]
[White "Jankiewicz, Maciej"]
[Black "Bielinski, Leszek"]
[Result "0-1"]
[TimeControl "0:10:02"]
[WhiteElo "1369"]
[BlackElo "1854"]

1. e4 e5 2. Nf3 Nf6 3. Nxe5 d6 4. Nf3 Nxe4 5. d3 Nf6 6.
Qe2+ Be7 7. Bg5 O-O 8. h4 Bg4 9. Nc3 Nc6 10. O-O-O Re8 11. Qd2 Qd7 12. Re1 Qf5 13. Nh2 h6 14.
f3 hxg5 15. fxg4 Nxg4 16. Ne4 Nxh2 17. Rxh2 Qf4 18. Qxf4 gxf4 19. Be2 d5 20. Nc3 Rad8 21. Bf3 d4 22. Bxc6 bxc6 23. Nd1 Bd6 24.
Rhh1 Bb4 25. c3 dxc3 26. bxc3 Bc5 27. d4 Be7 28. h5 c5 29. Re4 cxd4 30. Rhe1 Ba3+ 31. Kc2 Rxe4 32. Rxe4 dxc3 33. Nxc3 Bd6 34. Nd5 f5 35.
Ne7+ Kf7 36. Nxf5 g5 37. hxg6+ Kxg6 38. Nh4+ Kg5 39. Nf3+ Kf5 40. Ra4 Rg8 41. Rxa7 Rxg2+ 0-1